 Dungeon Crawl Stone Soup version 0.29-a0-559-g359e09b (webtiles) character file.

Game seed: 16014589537318349499

0 BingusPrime the Magician (level 1, -2/15 HPs)
             Began as a Djinni Fire Elementalist on June 10, 2022.
             Slain by a quokka (3 damage)
             ... on level 1 of the Dungeon.
             The game lasted 00:00:44 (76 turns).

BingusPrime the Magician (Djinni Fire Elementalist)   Turns: 76, Time: 00:00:45

Health: -2/15      AC:  2    Str:  7    XL:     1   Next: 11%
Gold:   0          EV: 12    Int: 16    God:
                   SH:  0    Dex: 13

rFire   + + .      SeeInvis .   (no weapon)
rCold   x . .      Faith    .   (no shield)
rNeg    . . .      Spirit   .   a - +0 robe
rPois   ∞          Reflect  .   (no helmet)
rElec   .          Harm     .   (no cloak)
rCorr   .          Rampage  .   (no gloves)
Will    .....                   (boots unavailable)
Stlth   ++........              (no amulet)
HPRegen 0.05/turn               (no ring)
MPRegen 0.00/turn               (no ring)

@: flying
A: sickness immunity, fire resistance 2, cold vulnerability 1, float, innate
caster, HP casting, extra vitality 1
a: no special abilities


You were on level 1 of the Dungeon.
You visited 1 branch of the dungeon, and saw 1 of its levels.

Inventory:

Armour
 a - a +0 robe (worn)


   Skills:
 + Level 2.2 Dodging
 + Level 1.5 Stealth
 + Level 2.4 Spellcasting


You couldn't memorise any spells.
You knew the following spells:

 Your Spells              Type           Power      Damage    Failure   Level
a - Foxfire               Conj/Fire      36%        2x1d5     8%          1
b - Scorch                Fire           18%        2d6       11%         2
c - Conjure Flame         Conj/Fire      9%         6-21      22%         3
d - Inner Flame           Hex/Fire       9%         N/A       22%         3
e - Flame Wave            Conj/Fire      9%         2d5       58%         4
Your spell library was empty.

Dungeon Overview and Level Annotations

Branches:
Dungeon (1/15)

Altars:


Innate Abilities, Weirdness & Mutations

You are immune to sickness and miasma.
You are immune to poison.
Your flesh is very heat resistant. (rF++)
You are vulnerable to cold. (rC-)
You float through the air rather than walking.
You learn spells naturally, not from books.
Your magical power is your life essence.
You have superior vitality. (+4 MHP)


Message History

The bat is severely wounded.
You conjure some foxfire!
The foxfire hits the bat.
You kill the bat!
Your foxfire dissipates! x2
HP restored.
A gnoll comes into view. It is wielding a +0 spear.
The gnoll shouts!
You conjure some foxfire!
You conjure some foxfire!
The gnoll hits you from afar with a +0 spear.
You conjure some foxfire!
The gnoll hits you but does no damage.
Your foxfire dissipates!
You are too injured to fight recklessly!
A quokka comes into view.
The foxfire hits the gnoll but does no damage.
The foxfire hits the gnoll.
The gnoll is moderately wounded.
The foxfire hits the gnoll.
The gnoll is moderately wounded.
You are too injured to fight recklessly!
Casting: Foxfire (safe; 8% risk of failure)
Confirm with . or Enter, or press ? or * to list all spells.
You conjure some foxfire!
The gnoll hits you from afar with a +0 spear.
* * * LOW HITPOINT WARNING * * *
Your foxfire dissipates!
The foxfire hits the quokka.
The quokka is heavily wounded.
The quokka barely misses you. The quokka attacks as you move away!
The quokka bites you but does no damage.
Casting: Foxfire (safe; 8% risk of failure)
Confirm with . or Enter, or press ? or * to list all spells.
You don't have enough health to cast this spell.
Unknown command.
You aren't carrying any potions.
The quokka attacks as you move away! The quokka misses you.
The quokka bites you but does no damage.
The quokka attacks as you move away! The quokka bites you.
You die...

### .# #...#.. .#
.⌠.#.# #####.#
...#.#### ##...#.#
#.##....###......#
#.##....@rg......#####
##.##....###.†.........
#...#.#.#####...#.#####
#.<.'.#...........#
#...#########..##.#
##### #.## !# #.# .#
#.# .# #. .#


You could see a gnoll and a quokka.

Vanquished Creatures
  A bat (D:1)
1 creature vanquished.

Vanquished Creatures (others)
  8 foxfires (D:1)
8 creatures vanquished.

Grand Total: 9 creatures vanquished

Notes
Turn   | Place    | Note
-------+----------+-------------------------------------------
     0 | D:1      | BingusPrime the Djinni Fire Elementalist began the quest
                  | for the Orb.
     0 | D:1      | Reached XP level 1. HP: 15/15 MP: 0/0
    76 | D:1      | Slain by a quokka

Illustrated notes

Levels and vault maps discovered:
D:1:      minmay_arrival_nine_rooms, layout_loops_ring

Action                   || total
-------------------------++-------
 Cast: Foxfire           ||     7
Armor: Robe              ||     3
Dodge: Dodged            ||     3

Table legend: (Time is in decaauts)
 A = Elapsed time spent in this place.
 B = Non-inter-level travel time spent in this place.
 C = Inter-level travel time spent in this place.
 D = Time resting spent in this place.
 E = Time spent auto-exploring this place.
 F = Levels seen in this place.
 G = Mean time per level.
                   A        B        C        D        E       F      G
               +--------+--------+--------+--------+--------+-----+--------+
         Total |     76 |     76 |      0 |      0 |     58 |   1 |   76.0 |
       Dungeon |     76 |     76 |      0 |      0 |     58 |   1 |   76.0 |
               +--------+--------+--------+--------+--------+-----+--------+

Top non-repeatable levels by time:
     D:1: 76 daAuts
